 Dungeon Crawl Stone Soup version 0.25-a0-578-gc91f01c39c (webtiles) character file.

Game seed: 13220436908028344172, levelgen mode: deterministic

61 Esekla the Charlatan (level 3, 0/17 HPs)
             Began as a Spriggan Artificer on Mar 6, 2020.
             Was an Initiate of Gozag.
             Succumbed to an adder's poison
             ... on level 2 of the Dungeon.
             The game lasted 00:06:16 (1412 turns).

Esekla the Charlatan (Spriggan Artificer)           Turns: 1412, Time: 00:06:16

Health: 0/17       AC:  2    Str:  8    XL:     3   Next: 83%
Magic:  7/7        EV: 19    Int: 13    God:    Gozag
Gold:   144        SH:  0    Dex: 16    Spells: 2/2 levels left

rFire    + . .     SeeInvis +   l - +3 dagger
rCold    . . .     Gourm    .   (shield restricted)
rNeg     . . .     Faith    .   b - +0 robe
rPois    .         Spirit   .   (helmet restricted)
rElec    .         Reflect  .   (no cloak)
rCorr    .         Harm     .   (gloves unavailable)
MR       .....                  (boots unavailable)
Stlth    ++........             (no amulet)
HPRegen  0.05/turn              m - ring of protection from fire
MPRegen  0.10/turn              (no ring)

@: lethally poisoned (0 -> -6), gold aura, very quick
A: very small, unfitting armour, see invisible, herbivore, speed 3, slow
metabolism 2
a: Potion Petition, Call Merchant, Bribe Branch, Renounce Religion


You were on level 2 of the Dungeon.
You worshipped Gozag.
Gozag was aware of your devotion.
You were not hungry.

You visited 1 branch of the dungeon, and saw 2 of its levels.

You collected 183 gold pieces.
You paid 39 gold pieces to Gozag.

Inventory:

Hand Weapons
 i - a +0 short sword of flaming
 k - a +2 dagger of speed
 l - a +3 dagger (weapon)
Armour
 b - a +0 robe (worn)
 j - a +0 animal skin
Jewellery
 m - a ring of protection from fire (left hand)
Wands
 c - a wand of flame (15)
 d - a wand of enslavement (15)
 e - a wand of random effects (15)
Scrolls
 h - a scroll of remove curse {unknown}
Comestibles
 f - 4 rations


   Skills:
 - Level 0.7 Fighting
 * Level 3.6 Short Blades
 + Level 4.0 Dodging
 + Level 1.6 Stealth
 - Level 4.0 Evocations


You had 2 spell levels left.
You didn't know any spells.
Your spell library was empty.

Dungeon Overview and Level Annotations

Branches:
Dungeon (2/15)

Altars:
Gozag
Yredelemnul


Innate Abilities, Weirdness & Mutations

You are very small and have problems with some larger weapons.
You are too small for most types of armour.
You have supernaturally acute eyesight. (SInv)
You are a herbivore.
You cover ground extremely quickly.
You need to consume almost no food.


Message History

There is a lethal amount of poison in your body!
It was a potion of cancellation.
Your magical effects are unravelling.
You feel magically purged.
You feel less wooden.
Your +0 robe unmelds from your body.
You feel a little less mighty now.
* * * LOW HITPOINT WARNING * * *
You feel sick.
You see here 6 gold pieces.
* * * LOW HITPOINT WARNING * * *
You feel sick.
You see here 9 gold pieces.
You now have 138 gold pieces (gained 9).
* * * LOW HITPOINT WARNING * * *
You feel sick.
You see here 6 gold pieces.
You now have 144 gold pieces (gained 6).
You die...
Your body crumbles into a pile of gold.

#.....# #......#.♣_♣..#
########
##....###......#..♣...###
#......'......+........#
#....###......###...##.#
#....###......# #...##.#
.......#........# #...##.#
.......#........###...##.#
......................##.#
..........######@#....##.#
....###... #.#.......#
#... #.#.##....# #...
..#.#.....# #### #.
###.#.....# ##.# .#.....#
######### ..... .#.....#
........# ...... #.....#
........# ......
#.####...#


There were no monsters in sight!

Vanquished Creatures
  Robin (D:1)
  2 adders (D:2)
  2 ball pythons
  2 giant cockroaches
  3 hobgoblins (D:1)
  A quokka (D:2)
  2 bats (D:1)
  A frilled lizard (D:1)
  11 goblins
  3 kobolds
  6 rats
34 creatures vanquished.

Notes
Turn   | Place    | Note
-------+----------+-------------------------------------------
     0 | D:1      | Esekla the Spriggan Artificer began the quest for the Orb.
     0 | D:1      | Reached XP level 1. HP: 9/9 MP: 4/4
   240 | D:1      | Reached XP level 2. HP: 14/14 MP: 6/6
   706 | D:2      | Noticed Robin
   924 | D:1      | Killed Robin
   924 | D:1      | Reached XP level 3. HP: 14/17 MP: 7/7
  1238 | D:2      | Found an opulent altar of Gozag.
  1245 | D:2      | Became a worshipper of Gozag Ym Sagoz the Greedy
  1261 | D:2      | Found a basalt altar of Yredelemnul.
  1296 | D:2      | Found a faded altar of an unknown god.
  1412 | D:2      | Succumbed to an adder's poison

Levels and vault maps discovered:
D:1:      dpeg_arrival_orchard, layout_loops_ring, minmay_tetromino_s4
D:2:      layout_basic, minitemple, chequers_ecumenical_altar_simple,
          kennysheep_generic_room_15, uniq_robin

Skill      XL: |  1  2  3 |
---------------+----------+-----
Short Blades   | 2 3 |  3.6
Dodging        | 4 |  4.0
Fighting       | |  0.7
Stealth        | |  1.6
Evocations     | |  4.0

Action                   || total
-------------------------++-------
Melee: Short sword       ||    96
       Dagger            ||    37
  Use: Potion            ||     3
 Stab: Sleeping          ||     1
Armor: Robe              ||    14
       Skin              ||     1
Dodge: Dodged            ||   102

Table legend:
 A = Non-vault XP
 B = Vault XP
 C = Vault XP percentage of total XP
 D = Non-vault monster count
 E = Vault monster count
 F = Vault count percentage of total count
                 A         B        C        D         E       F
            +---------+---------+-------+---------+---------+-------
      Total |      54 |      34 |  38.6 |      21 |      13 |  38.2
            +---------+---------+-------+---------+---------+-------
        D:1 |      18 |      19 |  51.4 |      12 |       4 |  25.0
        D:2 |      36 |      15 |  29.4 |       9 |       9 |  50.0
            +---------+---------+-------+---------+---------+-------
